[Event "Team 45 45 League T36"]
[Site "Internet Chess Club"]
[Date "2008.03.01"]
[Round "6"]
[White "andreip"]
[Black "RedAttack"]
[Result "1/2-1/2"]
[WhiteElo "2053"]
[BlackElo "2024"]
[Opening "Caro-Kann: advance variation"]
[ECO "B12"]
[Time "14:21:35"]
[TimeControl "2700+45"]

1. e4 c6 2. d4 d5 3. e5 e6 4. Nf3 Nd7 5. Bd3 Qc7 6. O-O h6 7. Nc3 a6 8. Ne2 c5
9. c3 Ne7 10. Be3 Nc6 11. Qd2 Be7 12. h3 g5 13. Ng3 b5 14. Rfc1 Bb7 15. Qe2 c4
16. Bc2 Qd8 17. Nh2 b4 18. Qh5 Bf8 19. Ng4 Qe7 20. b3 Na5 21. cxb4 cxb3 22. axb3
Nc6 23. Bd3 Qxb4 24. h4 gxh4 25. Qxh4 Qxb3 26. Rab1 Qxd3 27. Rxb7 Be7 28. Nf6+
Bxf6 29. exf6 Nd8 30. Rbc7 Qg6 31. Nh5 Rg8 32. Ng7+ Rxg7 33. fxg7 Qxg7 34. Qxh6
Qxh6 35. Bxh6 f6 36. Kf1 a5 37. R1c3 a4 38. Bc1 e5 39. dxe5 fxe5 40. Rc8 Nb6 41.
Rxa8 Nxa8 42. Rc8 Nb6 43. Rb8 Nd7 44. Ra8 Nb6 45. Ra6 Nc4 46. Rxa4 Kd7 47. g4 e4
48. Ke2 Ne5 49. g5 {Game drawn by mutual agreement} 1/2-1/2

[Event "Team 45 45 League T36"]
[Site "Internet Chess Club"]
[Date "2008.03.01"]
[Round "6"]
[White "andrew28"]
[Black "primerpaso"]
[Result "0-1"]
[WhiteElo "1739"]
[BlackElo "1897"]
[Opening "Sicilian: Alapin's variation (2.c3)"]
[ECO "B22"]
[Time "16:04:06"]
[TimeControl "2700+45"]

1. e4 c5 2. c3 d5 3. e5 Nc6 4. Bb5 Bd7 5. Bxc6 Bxc6 6. d4 cxd4 7. cxd4 e6 8. Nc3
Ne7 9. Nf3 Nf5 10. O-O Be7 11. Ne2 Bb5 12. a4 Bxe2 13. Qxe2 O-O 14. Bd2 Qb6 15.
Qd3 a5 16. Rfd1 Rfc8 17. g4 Nh4 18. Nxh4 Bxh4 19. g5 Qd8 20. f4 h6 21. gxh6 g6
22. Rf1 Rc4 23. b3 Rc6 24. Rf3 Rac8 25. Rh3 Rc2 26. Rd1 Rb2 27. Qf3 Rcc2 28.
Bxa5 Bf2+ 29. Kh1 Qxa5 30. f5 exf5 31. e6 fxe6 32. h7+ Kh8 33. Qf4 Qc7 34. Qh6
Qf7 35. Qf4 Rc8 36. Rf1 Bxd4 37. Qxd4+ Qg7 38. Qb6 Re8 39. Rc1 Qe5 40. Re3 Qxh2#
{White checkmated} 0-1

[Event "Team 45 45 League T36"]
[Site "Internet Chess Club"]
[Date "2008.03.01"]
[Round "6"]
[White "gugamircea"]
[Black "rojito"]
[Result "1-0"]
[WhiteElo "1721"]
[BlackElo "1695"]
[Opening "Sicilian: Najdorf, 7...Be7"]
[ECO "B98"]
[Time "13:07:02"]
[TimeControl "2700+45"]

1. e4 c5 2. Nf3 e6 3. d4 cxd4 4. Nxd4 Nf6 5. Nc3 a6 6. Bg5 d6 7. f4 Be7 8. Qf3
Nc6 9. O-O-O Qc7 10. g4 b5 11. e5 Bb7 12. Bxb5 axb5 13. Ndxb5 Qb8 14. exd6 Bd8
15. Bxf6 gxf6 16. Qe3 Na7 17. Qc5 O-O 18. Rhg1 Nxb5 19. Qxb5 Ba6 20. Qh5 Qb4 21.
g5 Qxf4+ 22. Kb1 Kh8 23. g6 fxg6 24. Rxg6 Qf5 25. Qxf5 exf5 26. Rg3 Bb7 27. Nd5
Rg8 28. c4 Rg4 29. b3 h5 30. a4 f4 31. Rxg4 hxg4 32. Nxf4 Bf3 33. Re1 Ba5 34.
Re6 f5 35. d7 Rd8 36. Re8+ Kh7 37. Rxd8 Bxd8 38. Ne6 Bf6 39. d8=Q Bxd8 40. Nxd8
f4 41. Kc1 g3 42. hxg3 fxg3 43. Ne6 Kg6 44. Kd2 Kf5 45. Ke3 Bd1 46. Nd4+ Kg4 47.
a5 Kh3 48. Ne6 Bxb3 49. Nf4+ Kh2 50. c5 Bd5 51. a6 Bc6 52. a7 Kg1 53. Ne2+ Kh2
54. Nf4 Kg1 55. Kd4 Kf2 56. Ke5 Ke3 57. Nh3 Kd3 58. Kd6 Ba8 59. c6 Kc4 60. c7
{Black resigns} 1-0

[Event "Team 45 45 League T36"]
[Site "Internet Chess Club"]
[Date "2008.02.29"]
[Round "6"]
[White "Juan73"]
[Black "Victorianum"]
[Result "1/2-1/2"]
[WhiteElo "1687"]
[BlackElo "1625"]
[Opening "Caro-Kann: exchange variation"]
[ECO "B13"]
[Time "12:11:37"]
[TimeControl "2700+45"]

1. e4 c6 2. d4 d5 3. exd5 cxd5 4. Nc3 Nc6 5. Bf4 a6 6. Nf3 Nf6 7. Be2 e6 8. a3
Be7 9. Qd2 O-O 10. h4 Ne4 11. Nxe4 dxe4 12. Ne5 Qxd4 13. Nxc6 Qxd2+ 14. Bxd2
bxc6 15. h5 h6 16. g4 f5 17. O-O-O f4 18. Rde1 Bg5 19. Bc4 c5 20. Rhg1 Bb7 21.
Bxe6+ Kh8 22. Bf5 Rae8 23. Re2 e3 24. fxe3 fxe3 25. Ba5 Bf3 26. Rh2 e2+ 27. Kb1
Rd8 28. Bd3 Be3 29. Re1 Bf4 30. Bxe2 Bxh2 31. Bxd8 Bxe2 32. Rxe2 Rxd8 33. Rxh2
Rd1+ 34. Ka2 Rg1 35. Kb3 Rxg4 36. Rh3 a5 37. Rc3 a4+ 38. Ka2 c4 39. b3 cxb3+ 40.
cxb3 Rg2+ 41. Kb1 axb3 42. Rxb3 Rg5 43. Rh3 Kg8 44. Kb2 Kf8 45. Kb3 Ke8 46. Kc4
Kd7 47. Kd4 Ke6 48. Re3+ Kd6 49. Rh3 Rg4+ 50. Ke3 Ra4 51. Kf2 Ke6 52. Kg2 Kf6
53. Rg3 Kf7 54. Rh3 Kf6 55. Kf2 g5 56. hxg6 Kxg6 57. Ke2 Kg5 58. Kf2 h5 59. Rb3
h4 60. Kg2 Kf4 61. Kh3 Kg5 62. Kg2 Kf5 63. Rb5+ Ke6 64. Rb3 Kd5 65. Rf3 Kc4 66.
Kh3 Kb5 67. Kg2 Rc4 68. Kf2 Ka4 {Game drawn by mutual agreement} 1/2-1/2

[Event "Team 45 45 League T36"]
[Site "Internet Chess Club"]
[Date "2008.03.04"]
[Round "6"]
[White "Boromir"]
[Black "Kalhalla"]
[Result "1/2-1/2"]
[WhiteElo "1996"]
[BlackElo "1801"]
[Opening "King's Indian: orthodox, Aronin-Taimanov, bayonet attack"]
[ECO "E97"]
[Time "14:02:09"]
[TimeControl "2700+45"]

1. Nf3 Nf6 2. c4 d6 3. d4 g6 4. Nc3 Bg7 5. e4 O-O 6. Be2 e5 7. O-O Nc6 8. d5 Ne7
9. b4 Nh5 10. Re1 a5 11. Ba3 axb4 12. Bxb4 b6 13. a4 f5 14. a5 {Game drawn by
mutual agreement} 1/2-1/2

[Event "Team 45 45 League T36"]
[Site "Internet Chess Club"]
[Date "2008.03.01"]
[Round "6"]
[White "Fysh"]
[Black "ivanson"]
[Result "1-0"]
[WhiteElo "1891"]
[BlackElo "1830"]
[Opening "King's Indian: Smyslov system"]
[ECO "E61"]
[Time "13:02:28"]
[TimeControl "2700+45"]

1. d4 Nf6 2. c4 g6 3. Nc3 Bg7 4. Nf3 d6 5. Bg5 O-O 6. e3 c5 7. d5 Qb6 8. Rb1 Bf5
9. Bd3 Bxd3 10. Qxd3 Nbd7 11. O-O Rfe8 12. Rfd1 Ng4 13. Bf4 Qb4 14. Nb5 Qa5 15.
a3 a6 16. Nc3 Rab8 17. h3 Nge5 18. Nxe5 Nxe5 19. Bxe5 Bxe5 20. Ne4 b5 21. b4
bxc4 22. Qxc4 cxb4 23. axb4 Qb5 24. Qc7 Rbc8 25. Qa5 Rc4 26. Qxb5 axb5 27. Nd2
Rc2 28. Nb3 Ra8 29. Na5 Bc3 30. Rdc1 Rxc1+ 31. Rxc1 Bxb4 32. Nc6 Bc5 33. Rb1 b4
34. Nxe7+ Kf8 35. Nc6 Ke8 36. Rb2 Ra1+ 37. Kh2 Rd1 38. e4 Re1 39. f3 Rc1 40.
Nxb4 Bd4 41. Rc2 Rb1 42. Nc6 Bc5 43. Ra2 Kf8 44. g4 Be3 45. h4 Bf4+ 46. Kg2 Rb3
47. g5 h5 48. gxh6 Bxh6 49. Kg3 Rb1 50. Rg2 Rf1 51. Rf2 Bf4+ 52. Kg2 Rd1 53. Kh3
Rh1+ 54. Kg4 Bh6 55. Rg2 Rf1 56. Rg3 Be3 57. h5 f5+ 58. exf5 gxh5+ 59. Kxh5 Rh1+
60. Kg4 Bf2 61. Rh3 Rd1 62. Kg5 Rxd5 63. Kf6 Kg8 64. Ne7+ {Black resigns} 1-0

I am posting the result based on dTD bmw2002's ruling.

Budzo
sec TD

[Event "Team 45 45 League T36"]
[Site "Internet Chess Club"]
[Date "2008.03.03"]
[Round "6"]
[White "Qualm"]
[Black "nanning"]
[Result "0-1"]
[WhiteElo "1683"]
[BlackElo "1624"]
[Opening "Sicilian, Szén (`anti-Taimanov') variation"]
[ECO "B44"]
[Time "07:54:58"]
[TimeControl "2700+45"]

1. e4 c5 2. Nf3 Nc6 3. d4 cxd4 4. Nxd4 e6 5. Nb5 d6 6. c4 Nf6 7. N1c3 a6 8. Na3
Be7 9. Be2 O-O 10. O-O Qc7 11. Nc2 b6 12. Qd2 Bb7 13. f3 Rad8 14. b3 Nb4 15. Ne3
d5 16. cxd5 exd5 17. exd5 Nbxd5 18. Ncxd5 Nxd5 19. Nxd5 Rxd5 20. Qf4 Bd6 21. Qh4
Qc5+ 22. Qf2 Qc7 23. g3 Re8 24. Kg2 Bc5 25. Qe1 Rde5 26. Bf4 Rxe2+ {White
resigns} 0-1

[Event "Team 45 45 League T36"]
[Site "Internet Chess Club"]
[Date "2008.03.05"]
[Round "6"]
[White "alastorx"]
[Black "SneakyRed"]
[Result "1-0"]
[WhiteElo "1892"]
[BlackElo "1765"]
[Opening "Queen's pawn game"]
[ECO "D04"]
[Time "11:02:15"]
[TimeControl "2700+45"]

1. d4 d5 2. Nf3 Nf6 3. e3 a6 4. c4 c6 5. Nc3 Bg4 6. Qb3 Ra7 7. Ne5 Be6 8. cxd5
cxd5 9. Bd2 g6 10. Rc1 Bg7 11. Qa4+ Bd7 12. Nxd7 Qxd7 13. Qxd7+ Nbxd7 14. Nb5
{Black resigns} 1-0

[Event "Team 45 45 League T36"]
[Site "Internet Chess Club"]
[Date "2008.03.04"]
[Round "6"]
[White "NFK"]
[Black "Rainbird"]
[Result "0-1"]
[WhiteElo "1631"]
[BlackElo "1778"]
[Opening "French: Winawer (Nimzovich) variation"]
[ECO "C15"]
[Time "10:05:10"]
[TimeControl "2700+45"]

1. e4 e6 2. d4 d5 3. Nc3 Bb4 4. a3 Bxc3+ 5. bxc3 Ne7 6. e5 b6 7. Nf3 Qd7 8. Bd3
Ba6 9. O-O Qa4 10. Ng5 Bxd3 11. Qxd3 Nd7 12. Rb1 h6 13. Rb4 Qc6 14. Nf3 f5 15.
exf6 gxf6 16. Bf4 O-O-O 17. c4 a5 18. cxd5 Nxd5 19. Bd2 axb4 20. axb4 Qa4 21.
Rb1 Kb7 22. c4 Ne7 23. Qe4+ Qc6 24. d5 exd5 25. Qxe7 dxc4 26. Nd4 Qd6 27. Qe4+
c6 28. b5 Nb8 29. Be3 Rhe8 30. Qh7+ Kc8 31. bxc6 Nxc6 32. Rxb6 Rd7 33. Qxh6 Qxd4
34. Rxc6+ Kb7 35. g3 Qd1+ 36. Kg2 Qd5+ {White resigns} 0-1

[Event "Team 45 45 League T36"]
[Site "Internet Chess Club"]
[Date "2008.02.28"]
[Round "6"]
[White "Langshaw"]
[Black "BrerRabbit"]
[Result "1-0"]
[WhiteElo "1729"]
[BlackElo "1552"]
[Opening "QGD semi-Slav"]
[ECO "D43"]
[Time "09:09:11"]
[TimeControl "2700+45"]

1. d4 d5 2. c4 e6 3. Nc3 c6 4. Nf3 Nf6 5. Bg5 h6 6. Bh4 dxc4 7. a4 Bb4 8. e3 b5
9. axb5 cxb5 10. Nd2 Bd7 11. Qc2 Bc6 12. b3 cxb3 13. Qxb3 Bxc3 14. Qxc3 a6 15.
Nb3 g5 16. Bg3 Ne4 17. Qb2 Nxg3 18. hxg3 Nd7 19. d5 Ke7 20. dxc6 Nb6 21. Qc2 Qc8
22. Qc5+ Kf6 23. Qxb6 {Black resigns} 1-0

[Event "Team 45 45 League T36"]
[Site "Internet Chess Club"]
[Date "2008.02.28"]
[Round "6"]
[White "MrPetrov"]
[Black "chesskilleruk"]
[Result "0-1"]
[WhiteElo "2152"]
[BlackElo "2310"]
[Opening "Sicilian: Scheveningen, classical"]
[ECO "B47"]
[Time "22:01:51"]
[TimeControl "2700+45"]

1. e4 c5 2. Nf3 e6 3. d4 cxd4 4. Nxd4 Nc6 5. Nc3 Qc7 6. Be2 a6 7. O-O Nf6 8. Be3
d6 9. f4 Be7 10. Kh1 O-O 11. a4 Na5 12. Qe1 b6 13. Qg3 Bb7 14. Bd3 Nc4 15. Bc1
Qc5 16. Nb3 Qc7 17. Nd2 Na5 18. Nf3 Nc6 19. e5 Nd7 20. exd6 Qxd6 21. Rd1 Qc7 22.
Qh3 Nf6 23. Ng5 h6 24. Nge4 Nb4 25. Nxf6+ Bxf6 26. Ne4 Be7 27. f5 exf5 28. Qxf5
Nxd3 29. cxd3 Qc2 30. Be3 Rad8 31. Bxb6 Rd5 32. Qf2 Qb3 33. a5 Rxd3 34. Rxd3
Qxd3 35. Nc5 Bxc5 36. Bxc5 Re8 37. Re1 Re4 38. Rxe4 Bxe4 39. b4 f5 40. h4 f4 41.
Kh2 g5 42. Qa2+ Bd5 43. Qf2 Qe4 44. Qf3 Qe5 45. Qf2 g4 46. Qc2 g3+ 47. Kh1 Qh5
48. Be7 f3 49. Qc8+ Kh7 50. Qc2+ Kg7 51. Qc3+ Kg6 52. gxf3 Bxf3+ 53. Kg1 Qf5 54.
Qe1 Qh3 55. Qb1+ Kh5 {White resigns} 0-1

[Event "Team 45 45 League T36"]
[Site "Internet Chess Club"]
[Date "2008.02.28"]
[Round "6"]
[White "lele"]
[Black "Sleete"]
[Result "0-1"]
[WhiteElo "1857"]
[BlackElo "2069"]
[Opening "QGD: Semi-Tarrasch defense, Pillsbury variation"]
[ECO "D40"]
[Time "16:02:23"]
[TimeControl "2700+45"]

1. d4 Nf6 2. Nf3 d5 3. c4 e6 4. Nc3 c5 5. Bg5 cxd4 6. Nxd4 Qb6 7. Bxf6 gxf6 8.
e3 Qxb2 9. Ndb5 Bb4 10. Rc1 a6 11. Rc2 axb5 12. Rxb2 Bxc3+ 13. Ke2 Bxb2 14. Qb3
Be5 15. cxd5 Bd7 16. dxe6 Bxe6 17. Qxb5+ Nc6 18. a4 O-O-O 19. f4 Bxf4 20. Kf2
Rd5 21. Qb2 Rhd8 22. Qxf6 Bc7 23. h3 Rf5+ 24. Qxf5 Bxf5 25. Bb5 Rd2+ 26. Kf3
Ne5+ 27. Kf4 Rf2+ 28. Kg5 Bd8+ {White resigns} 0-1

[Event "Team 45 45 League T36"]
[Site "Internet Chess Club"]
[Date "2008.03.02"]
[Round "6"]
[White "Neo-Myshkin"]
[Black "FiendAngelical"]
[Result "1/2-1/2"]
[WhiteElo "1982"]
[BlackElo "1881"]
[Opening "Sicilian: Pelikan (Lasker/Sveshnikov) variation"]
[ECO "B33"]
[Time "15:32:12"]
[TimeControl "2700+45"]

1. e4 c5 2. Nf3 Nc6 3. d4 cxd4 4. Nxd4 Nf6 5. Nc3 e5 6. Ndb5 d6 7. Bg5 a6 8.
Bxf6 gxf6 9. Na3 f5 10. Bd3 Rg8 11. Qh5 f4 12. Bc4 Rg7 13. h3 Nd4 14. Nd5 b5 15.
c3 Ne6 16. Bb3 Nc5 17. Bc2 Rxg2 18. O-O-O Be6 19. Qf3 Bh6 20. Kb1 Rg6 21. Rdg1
Ra7 22. Bd1 Rb7 23. Nc2 Qh4 24. Rxg6 hxg6 25. Ncb4 a5 26. Nd3 Bxd5 27. Nxc5
Bxa2+ 28. Kxa2 dxc5 29. Qd3 c4 30. Qd5 Qe7 31. Bg4 Qc7 32. Rd1 Bg5 33. h4 Bxh4
34. Bd7+ Qxd7 35. Qxe5+ Qe7 36. Qh8+ Qf8 37. Qxh4 Rd7 38. Rxd7 Kxd7 39. Qxf4 b4
40. cxb4 axb4 41. e5 Qa8+ 42. Kb1 Qh1+ 43. Kc2 Qd5 44. Qg4+ Ke7 45. Qg5+ Ke6 46.
Qf6+ Kd7 47. Qf4 Qd3+ 48. Kc1 b3 49. Qxf7+ Kd8 50. Qf6+ Kc7 51. Qf7+ Kd8 52.
Qf6+ Kc7 53. Qf7+ Kc6 54. Qe6+ Kc7 55. Qf7+ Kc6 56. Qe6+ Kc5 57. Qe7+ Kc6 58.
Qe6+ Kc5 59. Qe7+ Kc6 60. Qe6+ Kc5 61. Qe7+ Kc6 62. Qe6+ Kc5 {Game drawn by
repetition} 1/2-1/2

[Event "Team 45 45 League T36"]
[Site "Internet Chess Club"]
[Date "2008.03.02"]
[Round "6"]
[White "ExpertLevel"]
[Black "Razorbackchess"]
[Result "1-0"]
[WhiteElo "1788"]
[BlackElo "1733"]
[Opening "King's Indian: Sämisch, 6...Nc6"]
[ECO "E83"]
[Time "19:01:38"]
[TimeControl "2700+45"]

1. e4 g6 2. d4 Bg7 3. c4 d6 4. Nc3 Nf6 5. f3 O-O 6. Be3 Nc6 7. Qd2 a6 8. O-O-O
Rb8 9. g4 Bxg4 10. fxg4 Nxg4 11. Nf3 Nxe3 12. Qxe3 e5 13. d5 Nd4 14. Ne2 Nxf3
15. Qxf3 b5 16. cxb5 axb5 17. Kb1 Ra8 18. h4 h6 19. Qg3 Qc8 20. Rd3 b4 21. Rb3
Ra4 22. Nc1 Qb7 23. h5 g5 24. Qd3 Rb8 25. Qc4 Qb6 26. Bh3 Ra5 27. Nd3 Qa7 28.
Rxb4 Rxb4 29. Nxb4 Rc5 30. Qb3 Rb5 31. Bd7 Rb7 32. Qc3 Qf2 33. Nc6 Bf6 34. Bc8
Rb5 35. b4 Rb6 36. a4 g4 37. Bxg4 Bg5 38. a5 Bd2 39. Qf3 {Black resigns} 1-0

[Event "Team 45 45 League T36"]
[Site "Internet Chess Club"]
[Date "2008.03.01"]
[Round "6"]
[White "Capamuerte"]
[Black "syy89"]
[Result "0-1"]
[WhiteElo "2178"]
[BlackElo "2113"]
[Opening "Saragossa opening"]
[ECO "A00"]
[Time "20:00:42"]
[TimeControl "2700+45"]

1. c3 Nf6 2. d4 g6 3. Nf3 Bg7 4. e3 d5 5. Bd3 O-O 6. b4 Nbd7 7. Nbd2 c6 8. h3
Qc7 9. O-O e5 10. dxe5 Nxe5 11. Nd4 Nxd3 12. Qe2 Nxc1 13. Rfxc1 Ne4 14. N2b3 Nd6
15. a4 Re8 16. a5 f5 17. Qd3 Qf7 18. a6 f4 19. exf4 Qxf4 20. axb7 Bxb7 21. Nc5
Bxd4 22. cxd4 Bc8 23. Qb3 Bf5 24. g4 Re2 25. Rf1 Be4 26. Ne6 Qf7 27. Ng5 Qe7 28.
h4 h6 29. Nh3 Qxh4 30. Kh2 Rf8 31. Qg3 Qxg3+ 32. Kxg3 Rf3+ 33. Kh2 Nb5 34. Ra6
Rc2 35. g5 h5 36. Rg1 Rcc3 37. Rg3 Rxg3 38. fxg3 Nxd4 39. Nf4 Nb5 40. Ra1 d4 41.
Re1 Re3 42. Rf1 d3 43. Ne6 Re2+ 44. Kg1 Rg2+ 45. Kh1 Rf2+ 46. Kg1 Rxf1+ 47. Kxf1
Nc3 48. Ke1 {White resigns} 0-1

[Event "Team 45 45 League T36"]
[Site "Internet Chess Club"]
[Date "2008.03.01"]
[Round "6"]
[White "frank001"]
[Black "azbycx"]
[Result "0-1"]
[WhiteElo "1799"]
[BlackElo "1865"]
[Opening "Sicilian: Alapin's variation (2.c3)"]
[ECO "B22"]
[Time "23:00:19"]
[TimeControl "2700+45"]

1. e4 c5 2. c3 Nf6 3. e5 Nd5 4. Nf3 e6 5. Bc4 Nb6 6. Bb3 Nc6 7. O-O d5 8. exd6
Bxd6 9. d4 O-O 10. Be3 c4 11. Bc2 Nd5 12. Bc1 h6 13. Nbd2 b5 14. Ne4 Be7 15. Qe2
Qc7 16. g3 Bb7 17. Re1 Rae8 18. a4 a6 19. Bb1 f5 20. Ned2 Bf6 21. Nf1 Na5 22.
N1d2 Nc6 23. axb5 axb5 24. Nf1 Nd8 25. Bc2 Qc6 26. Bd1 g5 27. Ra7 Nf7 28. h3 e5
29. Qd2 e4 30. N3h2 Nf4 31. Ne3 Nd3 32. Rf1 f4 33. gxf4 gxf4 34. Neg4 e3 35. Bf3
Qxf3 36. Nxf3 exd2 37. Nxf6+ Kh8 38. Nxd2 Rb8 39. Nd7 Rg8+ 40. Kh2 Rg2+ 41. Kh1
Rxf2+ 42. Kg1 Rg8# {White checkmated} 0-1

[Event "Team 45 45 League T36"]
[Site "Internet Chess Club"]
[Date "2008.03.04"]
[Round "6"]
[White "deathmage"]
[Black "andrew28"]
[Result "0-1"]
[WhiteElo "1692"]
[BlackElo "1753"]
[Opening "King's pawn opening"]
[ECO "B07"]
[Time "16:26:44"]
[TimeControl "2700+45"]

1. e4 d6 2. Nf3 Nf6 3. d3 g6 4. g3 Bg7 5. Bg2 O-O 6. O-O c6 7. c3 Bg4 8. h3 Bc8
9. Nbd2 Nbd7 10. Re1 b5 11. d4 Bb7 12. e5 Ne8 13. e6 fxe6 14. Ng5 Nc7 15. Nxe6
Nxe6 16. Rxe6 Qe8 17. Qe1 Qf7 18. Rxe7 Rae8 19. Rxe8 Rxe8 20. Qf1 Nf6 21. Nb3
Nd5 22. Bd2 Nf6 23. Re1 Rf8 24. Re2 b4 25. Qe1 bxc3 26. bxc3 Nd5 27. c4 Ba6 28.
Bxd5 cxd5 29. Re7 Qf3 30. cxd5 Bc8 31. Qe3 Qd1+ 32. Qe1 Qf3 33. Qe3 Qxd5 34.
Qe6+ Bxe6 {White resigns} 0-1

[Event "Team 45 45 League T36"]
[Site "Internet Chess Club"]
[Date "2008.02.28"]
[Round "6"]
[White "zeigmata"]
[Black "playwaycool05"]
[Result "1-0"]
[WhiteElo "2370"]
[BlackElo "2195"]
[Opening "QGD Slav: 4.Nc3"]
[ECO "D15"]
[Time "15:05:05"]
[TimeControl "2700+45"]

1. d4 d5 2. c4 c6 3. Nf3 Nf6 4. Nc3 a6 5. c5 Bf5 6. Bf4 e6 7. h3 h6 8. e3 Nbd7
9. Bd3 Bxd3 10. Qxd3 Be7 11. O-O O-O 12. b4 Re8 13. a4 g5 14. Bh2 Nh5 15. g4 Ng7
16. b5 axb5 17. axb5 f5 18. Ne5 Nxe5 19. Bxe5 Rf8 20. b6 h5 21. Ra7 Qd7 22. Rfa1
Rxa7 23. bxa7 Ra8 24. Bb8 Bd8 25. Na4 fxg4 26. hxg4 e5 27. Qe2 e4 28. f3 exf3
29. Qxf3 hxg4 30. Qf2 g3 31. Qxg3 Nf5 32. Qh3 Qe6 33. Rf1 Nxd4 34. Qxe6+ Nxe6
35. Rb1 Be7 36. Nb6 Rxa7 37. Bxa7 Bxc5 38. Nc8 Bxa7 39. Nxa7 Nd8 40. Nc8 Kf8 41.
Rb6 Ke8 42. Nd6+ Kd7 43. Nf5 Kc7 44. Rb2 Ne6 45. Nd4 Nc5 46. Rg2 Ne4 47. Ne6+
Kd6 48. Nxg5 Nc3 49. Kf2 b5 50. Ke1 b4 51. Nf3 c5 52. Rg6+ Kc7 53. Nd2 Kd7 54.
Ra6 Kc7 55. Rh6 Kd7 56. e4 dxe4 57. Nb3 c4 58. Nd2 Nd5 59. Nxc4 Kc7 60. Re6 Nc3
61. Nd2 Kd7 62. Rh6 Kc7 63. Kf2 Nb5 64. Ke3 Nd6 65. Rh7+ Kb6 66. Nxe4 Nb5 67.
Kd3 Na3 68. Rh5 Kc6 69. Nd2 Kd6 70. Nc4+ Kc6 71. Nxa3 bxa3 72. Ra5 {Black
resigns} 1-0

[Event "Team 45 45 League T36"]
[Site "Internet Chess Club"]
[Date "2008.03.02"]
[Round "6"]
[White "Sleete"]
[Black "Stoneheart"]
[Result "1-0"]
[WhiteElo "2080"]
[BlackElo "1953"]
[Opening "Ruy Lopez: closed, Chigorin, Rauzer attack"]
[ECO "C98"]
[Time "16:06:27"]
[TimeControl "2700+45"]

1. e4 e5 2. Nf3 Nc6 3. Bb5 a6 4. Ba4 Nf6 5. O-O Be7 6. Re1 b5 7. Bb3 d6 8. c3
O-O 9. h3 Na5 10. Bc2 c5 11. d4 Qc7 12. Nbd2 Nc6 13. dxc5 dxc5 14. Nf1 Bb7 15.
Ne3 g6 16. Nd5 Qd8 17. Bg5 Nxd5 18. exd5 Bxg5 19. dxc6 Bxc6 20. Qxd8 Bxd8 21.
Nxe5 Be8 22. Rad1 Bf6 23. Rd6 Bg7 24. Nd3 c4 25. Nb4 a5 26. Nd5 Ra7 27. Nf6+
Bxf6 28. Rxf6 Kg7 29. Rd6 f5 30. Re2 Rd7 31. Ra6 a4 32. Kf1 Rb7 33. Rd6 Bf7 34.
g4 Re8 35. gxf5 gxf5 36. Bxf5 b4 37. cxb4 Rxb4 38. Rxe8 Bxe8 39. Rd2 Rb5 40. Be4
Bf7 41. Bc6 Ra5 42. a3 Kf6 43. Rd6+ Ke5 44. Rd7 Bg6 45. Ke2 Ra6 46. Rd5+ Ke6 47.
Bb5 Bd3+ 48. Ke3 Rb6 49. Kd4 Rb8 50. f4 Bf1 51. h4 Bd3 52. Re5+ Kf6 53. h5 Bf1
54. Kc3 Rg8 55. Bxa4 Rg3+ 56. Kb4 Rg2 57. b3 cxb3 58. Bxb3 Rf2 59. Re4 Be2 60.
h6 Kg6 61. Re6+ Kf5 62. Re7 Rxf4+ 63. Kc3 Rf3+ 64. Kb2 Bd3 65. Rf7+ Ke4 66. Bd5+
{Black resigns} 1-0

[Event "Team 45 45 League T36"]
[Site "Internet Chess Club"]
[Date "2008.03.01"]
[Round "6"]
[White "iwulu"]
[Black "WesleyCrusher"]
[Result "1/2-1/2"]
[WhiteElo "2323"]
[BlackElo "2162"]
[Opening "Réti opening"]
[ECO "A30"]
[Time "15:02:14"]
[TimeControl "2700+45"]

1. Nf3 c5 2. c4 Nf6 3. g3 Nc6 4. d4 cxd4 5. Nxd4 Qb6 6. Nb3 Qb4+ 7. N1d2 d5 8.
cxd5 Nxd5 9. Bg2 e6 10. O-O Be7 11. a3 Qa4 12. Re1 Nf6 13. Nf3 e5 14. Be3 O-O
15. Rc1 Rd8 16. Qc2 Bg4 17. h3 Be6 18. Nc5 Qxc2 19. Rxc2 Bf5 20. Rcc1 b6 21. Nh4
Bxc5 22. Nxf5 e4 23. Bxc5 bxc5 24. Rxc5 Nd4 25. Nxd4 Rxd4 26. Rec1 Rad8 27. Rc8
g6 28. Rxd8+ Rxd8 29. e3 Rd2 30. Rc7 Rxb2 31. Rxa7 Rb1+ 32. Bf1 Nd5 33. a4 Ra1
34. a5 Nb4 35. a6 Nd3 36. g4 Ne5 37. Kg2 Nf3 38. Re7 Kf8 39. Rc7 Kg7 40. a7 g5
41. Rb7 Nh4+ 42. Kg1 Nf3+ 43. Kg2 Nh4+ 44. Kg1 Nf3+ 45. Kg2 Nh4+ 46. Kg1 Nf3+
47. Kg2 Nh4+ 48. Kg1 {Game drawn by repetition} 1/2-1/2

[Event "Team 45 45 League T36"]
[Site "Internet Chess Club"]
[Date "2008.03.02"]
[Round "6"]
[White "Monsoon-Smith"]
[Black "spacecadet"]
[Result "0-1"]
[WhiteElo "1961"]
[BlackElo "2065"]
[Opening "Budapest: Fajarowicz variation"]
[ECO "A51"]
[Time "11:04:12"]
[TimeControl "2700+45"]

1. d4 Nf6 2. c4 e5 3. dxe5 Ne4 4. a3 d6 5. Qc2 d5 6. cxd5 Qxd5 7. Nc3 Nxc3 8.
Qxc3 Nc6 9. Bf4 Bc5 10. e3 Bb6 11. Nf3 Be6 12. Be2 h6 13. O-O O-O-O 14. Rfd1 Qb3
15. Rac1 g5 16. Bg3 Ba5 17. Qc5 Qxb2 18. Ba6 Rxd1+ 19. Rxd1 Qb6 20. Qxb6 Bxb6
21. Bb5 Rd8 22. Rc1 Na5 23. h4 g4 24. Ne1 c6 25. Bd3 Nb3 26. Rb1 Nd2 27. Rc1 Ba5
28. Bf4 Nb3 {White resigns} 0-1

[Event "Team 45 45 League T36"]
[Site "Internet Chess Club"]
[Date "2008.02.29"]
[Round "6"]
[White "jorobo"]
[Black "LeSacAttack"]
[Result "0-1"]
[WhiteElo "2114"]
[BlackElo "2217"]
[Opening "English: Bellon gambit"]
[ECO "A22"]
[Time "15:00:39"]
[TimeControl "2700+45"]

1. c4 e5 2. Nc3 Nf6 3. Nf3 e4 4. Ng5 b5 5. d3 bxc4 6. dxe4 h6 7. Nxf7 Kxf7 8. e5
c6 9. exf6 Qxf6 10. e4 Bb4 11. Bxc4+ d5 12. Bb3 Ba6 13. Qf3 Qxf3 14. gxf3 Nd7
15. Be3 Nf6 16. exd5 cxd5 17. O-O-O Rac8 18. Kb1 Bxc3 19. bxc3 Be2 20. Bxd5+ Ke7
21. Bxa7 Bxd1 22. Rxd1 Nxd5 23. Rxd5 Rxc3 24. Rb5 Rxf3 25. Rb7+ Ke6 26. Rxg7 Rf7
27. Rxf7 Kxf7 28. Be3 h5 29. h4 Re8 30. a3 Re4 31. Bg5 Re1+ 32. Kc2 Re2+ 33. Kc3
Rxf2 34. a4 Rf5 35. Bd8 Ke8 36. Bb6 Rf4 37. a5 Rxh4 38. a6 Ra4 39. a7 Kd7 40.
Kd3 h4 41. Ke2 Kc6 42. Bg1 Kb7 43. Kf3 Ra2 44. Kf4 Rg2 45. Bc5 h3 46. Kf3 Rg6
{White resigns} 0-1

[Event "Team 45 45 League T36"]
[Site "Internet Chess Club"]
[Date "2008.03.02"]
[Round "6"]
[White "izit"]
[Black "HocusPocus"]
[Result "1-0"]
[WhiteElo "2231"]
[BlackElo "2111"]
[Opening "Sicilian: Najdorf, Byrne (English) attack"]
[ECO "B90"]
[Time "07:47:17"]
[TimeControl "2700+45"]

1. e4 c5 2. Nf3 d6 3. d4 cxd4 4. Nxd4 Nf6 5. Nc3 a6 6. Be3 e5 7. Nb3 Be6 8. f3
Nbd7 9. Qd2 Qc7 10. O-O-O b5 11. Kb1 Rb8 12. g4 h6 13. h4 b4 14. Nd5 Bxd5 15.
exd5 a5 16. Bh3 a4 17. Nc1 Nb6 18. Bxb6 Qxb6 19. g5 Nd7 20. g6 Nc5 21. Qg2 f6
22. Nd3 b3 23. cxb3 axb3 24. a3 Be7 25. Nxc5 dxc5 26. Be6 Qd6 27. Qg4 Bd8 28. f4
f5 29. Qxf5 Bf6 30. Rhe1 exf4 31. Bf7+ Kd8 32. Re6 Qd7 33. Qxf4 Kc8 34. Rxf6
{Black resigns} 1-0

[Event "Team 45 45 League T36"]
[Site "Internet Chess Club"]
[Date "2008.02.29"]
[Round "6"]
[White "Ser-Enigma"]
[Black "therealwizard"]
[Result "0-1"]
[WhiteElo "2055"]
[BlackElo "2137"]
[Opening "two knights defense: Colman variation"]
[ECO "C58"]
[Time "14:13:16"]
[TimeControl "2700+45"]

1. e4 e5 2. Nf3 Nc6 3. Bc4 Nf6 4. Ng5 d5 5. exd5 Na5 6. Bb5+ c6 7. dxc6 bxc6 8.
Qf3 Rb8 9. Bd3 Be7 10. Nc3 h6 11. Nge4 Nd5 12. Ng3 O-O 13. Bf5 Ba6 14. d3 Nxc3
15. bxc3 Nb7 16. Qxc6 Nc5 17. Qf3 Qa5 18. Bd2 Qa4 19. Rc1 Rb2 20. Qg4 Qxg4 21.
Bxg4 Rd8 22. Be3 Rxc2 23. Rxc2 Nxd3+ 24. Kd2 Nxf2+ 25. Ke1 Nd3+ 26. Kf1 Nb4+ 27.
Re2 Rd1+ 28. Kf2 Nd3+ 29. Kf3 Bb7+ 30. Ne4 Rxh1 31. Bxa7 g6 32. Ke3 Nc1 33. Nf2
Bg5# {White checkmated} 0-1